 Dungeon Crawl Stone Soup version 5.5-19-gbfab8aa (webtiles) character file.

1 stpyramids the Cleaver (level 6, -6/51 HPs) *CASUAL*
             Began as a Hill Orc Fighter on May 26, 2018.
             Mangled by a scorpion (7 damage)
             ... on level 3 of the Dungeon.
             The game lasted 00:01:50 (2440 turns).

stpyramids the Cleaver (Hill Orc Fighter)           Turns: 2440, Time: 00:01:51

Health: -6/51      AC:  7 (28%)Str: 21  XL:     6   Next: 35%
Magic:  8/8        EV:  7    Int:  8    God:
Gold:   117        SH:  9    Dex: 10    Spells: 7/7 levels left

rFire    . . .     SeeInvis .   a - +0 war axe
rCold    . . .     Faith    .   c - +0 shield
rNeg     . . .     Spirit   .   b - +0 scale mail
rPois    .         Reflect  .   (no helmet)
rElec    .                      (no cloak)
rCorr    .                      j - +0 pair of gloves
MR       .....                  (no boots)
Stlth    ..........             (no amulet)
Regen    0.2/turn               (no ring)
MPRegen  0.2/turn               (no ring)

@: drained
A: no striking features
a: no special abilities


You were on level 3 of the Dungeon.
You were not hungry.

You visited 1 branch of the dungeon, and saw 3 of its levels.

You collected 117 gold pieces.

Inventory:

Hand Weapons
 a - a +0 war axe (weapon)
Armour
 b - a +0 scale mail (worn)
 c - a +0 shield (worn)
 j - a +0 pair of gloves (worn)
Jewellery
 f - an uncursed amulet of destruction
Wands
 m - a wand of iceblast (7)
Scrolls
 e - a scroll of fear
 g - a scroll of amnesia
 h - a scroll of teleportation
 i - a scroll of magic mapping
 k - a scroll of fog
Potions
 d - a potion of augmentation
 l - a potion of invisibility
 n - a potion of mutation


   Skills:
 - Level 3.6(3.4) Fighting
 + Level 8.6(8.4) Axes
 - Level 3.2(3.0) Armour
 - Level 3.2(3.0) Shields


You had 7 spell levels left.
You didn't know any spells.

Dungeon Overview and Level Annotations

Branches:
Dungeon (3/15)

Altars:
Okawaru
Qazlal
Ru
Trog
Uskayaw


Message History

The scorpion is heavily wounded.
You feel very sick. The scorpion stings you (6).
* * * LOW HITPOINT WARNING * * *
Okay, then.
You hit the scorpion (5).
The scorpion is severely wounded.
You feel sick.
The scorpion stings you but does no damage.
You closely miss the scorpion.
The scorpion is severely wounded.
The scorpion barely misses you.
You closely miss the scorpion.
The scorpion is severely wounded.
You block the scorpion's attack.
You closely miss the scorpion.
The scorpion is severely wounded.
You are no longer poisoned.
The scorpion stings you (7)!
You die...

....#.#.......#
.#..#.#.......##
.#..#.#........####+#
..............).....# .
.#...............#..##..#
.#..#.#.................#
...............#.#..##..#
........................
##..###....#...#@#..###.#
................s.......
###.###........#....###.
.##.# ..#...#....#
..#.###... #.. .......
#........ .... ....#.#.
#.....#...... ....... .
...#..# .... .#.....⌠.
...#..#


You could see a scorpion.

Vanquished Creatures
  A worker ant (D:3)
  5 adders
  An ooze (D:1)
  5 dart slugs
  2 orcs (D:3)
  A quokka (D:2)
  A ball python (D:3)
  6 bats
  5 giant cockroaches
  6 goblins
  7 hobgoblins
  7 jackals
  6 kobolds
  4 frilled lizards
  6 rats
63 creatures vanquished.

Notes
Turn   | Place    | Note
-------+----------+-------------------------------------------
     0 | D:1      | stpyramids the Hill Orc Fighter began the quest for the Orb.
     0 | D:1      | Reached XP level 1. HP: 19/19 MP: 2/2
    32 | D:1      | Reached skill level 3 in Axes
    42 | D:1      | Reached XP level 2. HP: 25/26 MP: 3/3
   102 | D:1      | Reached skill level 4 in Axes
   210 | D:1      | Reached XP level 3. HP: 31/31 MP: 4/4
   316 | D:1      | Reached skill level 5 in Axes
   465 | D:1      | Reached XP level 4. HP: 39/39 MP: 6/6
  1042 | D:2      | Reached skill level 6 in Axes
  1163 | D:2      | Reached XP level 5. HP: 45/45 MP: 7/7
  1178 | D:2      | Found a sacrificial altar of Ru.
  1279 | D:2      | Reached skill level 7 in Axes
  1293 | D:2      | Found a stormy altar of Qazlal.
  1363 | D:2      | Found a bloodstained altar of Trog.
  1900 | D:3      | Found a hide-covered altar of Uskayaw.
  1918 | D:3      | Reached skill level 8 in Axes
  1918 | D:3      | Reached XP level 6. HP: 24/51 MP: 8/8
  2130 | D:3      | Found a faded altar of an unknown god.
  2132 | D:3      | Found an iron altar of Okawaru.
  2436 | D:3      | HP: 2/51 [scorpion (6)]
  2440 | D:3      | Mangled by a scorpion

Skill      XL: |  1  2  3  4  5 |
---------------+----------------+-----
Axes           | 3 4 5 6 8 |  8.6
Fighting       | |  3.6
Armour         | |  3.2
Shields        | |  3.2

Action                   |  1- 3 |  4- 6 || total
-------------------------+-------+-------++-------
Melee: War axe           |    41 |   131 ||   172
Armor: Scale mail        |    15 |    57 ||    72
Dodge: Dodged            |    21 |    37 ||    58
Block: Shield            |    21 |    65 ||    86
